 Dungeon Crawl Stone Soup version 0.20-a0-1015-g2ec8a95 (webtiles) character file.

530 Monsterracer the Conjurer (level 7, -16/36 HPs)
             Began as a Deep Elf Conjurer on Apr 15, 2017.
             Demolished by Menkaure (25 damage)
             ... on level 4 of the Dungeon.
             The game lasted 00:14:11 (4864 turns).

Monsterracer the Conjurer (Deep Elf Conjurer)       Turns: 4864, Time: 00:14:13

Health: -16/36     AC:  3    Str:  5    XL:     7   Next: 3%
Magic:  10/17      EV: 13    Int: 27    God:
Gold:   246        SH:  0    Dex: 15    Spells: 3/17 levels left

rFire    . . .     SeeInvis .   n - +2 morningstar (protect)
rCold    . . .     Gourm    .   (no shield)
rNeg     . . .     Faith    .   a - +0 robe
rPois    .         Spirit   .   t - +0 helmet
rElec    .         Reflect  .   (no cloak)
rCorr    .         Harm     .   (no gloves)
MR       .....                  (no boots)
Stlth    ++........             (no amulet)
Regen    0.2/turn               (no ring)
MPRegen  0.2/turn               (no ring)

@: brilliant
A: no striking features
a: no special abilities


You were on level 4 of the Dungeon.
You were not hungry.

You visited 1 branch of the dungeon, and saw 4 of its levels.

You collected 246 gold pieces.

Inventory:

Hand Weapons
 n - a +2 morningstar of protection (weapon)
 u - a cursed -1 dagger
Armour
 a - a +0 robe (worn)
 j - a +0 buckler
 t - a +0 helmet (worn)
Jewellery
 r - an uncursed ring of ice
Wands
 s - a wand of digging (13/24)
 w - a wand of polymorph (14/24)
Scrolls
 d - a scroll of identify
 e - 2 scrolls of remove curse
 f - 2 scrolls of teleportation
 g - a scroll of amnesia {unknown}
 l - a scroll of noise {unknown}
 o - a scroll of fog {unknown}
 p - a scroll of recharging {unknown}
 q - a scroll of enchant armour {unknown}
Potions
 h - 2 potions of curing
 m - a potion of brilliance
Books
 b - a book of Conjurations

   Spells                             Type                      Level
   a - Magic Dart                     Conjuration                  1
   b - Searing Ray                    Conjuration                  2
   c - Dazzling Spray                 Conjuration/Hexes            3
   d - Fulminant Prism                Conjuration/Hexes            4
   e - Force Lance                    Conjuration/Translocation    4
   f - Iskenderun's Mystic Blast      Conjuration                  4
Comestibles
 c - 3 bread rations
 i - 5 chunks of flesh
 k - a meat ration
 v - 2 fruits


   Skills:
 + Level 0.2 Fighting
 - Level 2.4 Dodging
 - Level 2.4 Stealth
 * Level 0.7 Shields
 + Level 5.6 Spellcasting
 * Level 7.2 Conjurations
 - Level 4.1 Hexes


You had 3 spell levels left.
You knew the following spells:

 Your Spells              Type           Power        Failure   Level  Hunger
a - Magic Dart            Conj           ####         1%          1    None
b - Searing Ray           Conj           ######       1%          2    None
c - Force Lance           Conj/Tloc      #####...     2%          4    ###....
d - Fulminant Prism       Conj/Hex       ######....   1%          4    ###....
e - Dazzling Spray        Conj/Hex       ######       1%          3    None


Dungeon Overview and Level Annotations

Branches:
Dungeon (4/15)
 Temple: D:4-7

Altars:
Gozag

Annotations:
D:4 Menkaure


Message History

Press: ? - help, Shift-Dir - straight line, f - Menkaure
Aim: Menkaure (moderately damaged, fast)
Okay, then.
You feel clever all of a sudden.
Casting: Searing Ray
Confirm with . or Enter, or press ? or * to list all spells.
Aiming: Searing Ray
Press: ? - help, Shift-Dir - straight line, f - Menkaure
Aim: Menkaure (moderately damaged, fast)
The searing ray hits Menkaure.
Menkaure is heavily damaged. (Press . to maintain the ray.)
The searing ray hits Menkaure.
Menkaure is severely damaged.
Menkaure gestures at you while chanting.
Pain shoots through your body!
* * * LOW HITPOINT WARNING * * *
Menkaure hits you!!
Ouch! That really hurt!
You die...

#... #...# ... #...# ...
#...# .. #...# #.# #...#
#.. #...############
..###.#####...##..........
..............oM@.........
#....)#####...##.#########
#....[ #.####.# #....) #.#
#.# #...M) #.# #.######
#..... #.# #.##...# #....!
#.# #.##...# ...... #.#
#.##...##### ## #.#
#.............#


You could see Menkaure and an orc priest.

Vanquished Creatures
  Sigmund (D:3)
  The ghost of mopl the Sneak, an amateur DEAs (D:3)
  4 orc wizards
  Ijyb (D:3)
  Robin (D:3)
  2 adders
  An adder zombie (D:3)
  4 worms
  A dart slug (D:1)
  4 leopard geckos
  19 orcs
  3 giant cockroaches (D:2)
  18 goblins
  7 hobgoblins
  5 jackals (D:1)
  4 quokkas
  A ball python (D:3)
  7 bats
  4 frilled lizards
  8 kobolds
  9 rats
105 creatures vanquished.

Vanquished Creatures (others)
  2 fulminant prisms
2 creatures vanquished.

Grand Total: 107 creatures vanquished

Notes
Turn   | Place    | Note
-------+----------+-------------------------------------------
     0 | D:1      | Monsterracer the Deep Elf Conjurer began the quest for the Orb.
     0 | D:1      | Reached XP level 1. HP: 10/10 MP: 6/6
   282 | D:1      | Reached XP level 2. HP: 15/15 MP: 0/8
   286 | D:1      | Learned a level 2 spell: Searing Ray
  1020 | D:2      | Reached skill level 5 in Conjurations
  1240 | D:2      | Found an opulent altar of Gozag.
  1313 | D:2      | Reached XP level 3. HP: 19/19 MP: 7/10
  2474 | D:3      | Noticed mopl's ghost (amateur DEAs)
  2481 | D:3      | Killed mopl's ghost
  2481 | D:3      | Reached skill level 6 in Conjurations
  2481 | D:3      | Reached XP level 4. HP: 23/24 MP: 5/12
  2491 | D:3      | Learned a level 4 spell: Force Lance
  2498 | D:3      | Learned a level 4 spell: Fulminant Prism
  2687 | D:3      | Reached XP level 5. HP: 28/28 MP: 10/14
  3066 | D:3      | Reached skill level 5 in Spellcasting
  3082 | D:2      | Reached skill level 1 in Hexes
  3163 | D:2      | Learned a level 3 spell: Dazzling Spray
  3732 | D:3      | Noticed Sigmund
  3737 | D:3      | Reached XP level 6. HP: 32/32 MP: 9/15
  3749 | D:3      | Killed Sigmund
  3749 | D:3      | Reached skill level 7 in Conjurations
  3964 | D:3      | Noticed Robin
  3970 | D:3      | Killed Robin
  4166 | D:3      | Noticed Ijyb
  4170 | D:3      | Killed Ijyb
  4753 | D:4      | Reached XP level 7. HP: 36/36 MP: 7/17
  4848 | D:4      | Noticed Menkaure
  4864 | D:4      | Demolished by Menkaure

Vault maps used:
D:1:      matt_arrival_refuge
D:2:      lemuel_doored_altar, corexii_item_surrounded_by_moat
D:3:      first_bread, minivault_26, uniq_iyjb, uniq_sigmund, uniq_robin
D:4:      temple_statues, uniq_pikel, uniq_menkaure, uniq_duvessa, uniq_natasha

Skill      XL: |  1  2  3  4  5  6 |
---------------+-------------------+-----
Conjurations   | 5 6 7 |  7.2
Spellcasting   | 4 5 |  5.6
Hexes          | 2 4 |  4.1
Fighting       | |  0.2
Dodging        | |  2.4
Stealth        | |  2.4
Shields        | |  0.7

Action                   |  1- 3 |  4- 6 |  7- 9 || total
-------------------------+-------+-------+-------++-------
Melee: Morningstar       |       |     7 |       ||     7
 Cast: Magic Dart        |    73 |    87 |     2 ||   162
       Searing Ray       |     4 |    11 |     1 ||    16
       Fulminant Prism   |       |     1 |     1 ||     2
  Use: Potion            |     7 |     2 |     1 ||    10
       Scroll            |       |     3 |       ||     3
  Eat: Chunk             |     4 |     8 |       ||    12
Armor: Robe              |     2 |     7 |       ||     9
Dodge: Dodged            |     5 |    16 |       ||    21
